 Dungeon Crawl Stone Soup version 0.28-a0-1038-g9c4cb8273d (webtiles) character file.

Game seed: 613717416196691962

2 ytrimaz the Insei (level 1, 0/13 HPs)
             Began as an Octopode Transmuter on Dec 8, 2021.
             Slain by a frilled lizard (3 damage)
             ... on level 1 of the Dungeon.
             The game lasted 00:00:06 (19 turns).

ytrimaz the Insei (Octopode Transmuter)               Turns: 19, Time: 00:00:07

Health: 0/13       AC:  1    Str:  9    XL:     1   Next: 40%
Magic:  3/3        EV: 13    Int: 15    God:
Gold:   0          SH:  0    Dex: 12    Spells: 3/4 levels left

rFire   . . .      SeeInvis .     - Unarmed
rCold   . . .      Faith    .   (no shield)
rNeg    . . .      Spirit   .   (helmet restricted)
rPois   .          Reflect  .   (no amulet)
rElec   .          Harm     .   (no ring)
rCorr   .          Rampage  .   (no ring)
Will    .....                   (no ring)
Stlth   ++........              (no ring)
HPRegen 0.04/turn               (no ring)
MPRegen 0.08/turn               (no ring)
                                (no ring)
                                (no ring)

@: no status effects
A: almost no armour, amphibious, 8 rings, camouflage 1, gelatinous body 1,
(nimble swimmer 1), tentacles
a: no special abilities


You were on level 1 of the Dungeon.
You visited 1 branch of the dungeon, and saw 1 of its levels.

You aren't carrying anything.


   Skills:
 * Level 1.1 Fighting
 + Level 2.0 Dodging
 + Level 3.0 Unarmed Combat
 + Level 2.0 Spellcasting
 + Level 2.0 Transmutations


You had 3 spell levels left.
You knew the following spells:

 Your Spells              Type           Power      Damage    Failure   Level
a - Beastly Appendage     Tmut           14%        N/A       10%         1

Your spell library contained the following spells:

 Spells                   Type           Power      Damage    Failure   Level
 Wereblood                Tmut           7%         N/A       14%         2
 Spider Form              Tmut/Pois      4%         N/A       41%         3
 Ice Form                 Ice/Tmut       4%         N/A       82%         4


Dungeon Overview and Level Annotations

Branches:
Dungeon (1/15)

Altars:


Innate Abilities, Weirdness & Mutations

You cannot wear most types of armour.
You are amphibious.
You can wear up to eight rings at the same time.
Your skin changes colour to match your surroundings (Stealth+).
Your rubbery body absorbs attacks. (AC +1, EV +1)
((You are camouflaged near water. (Stealth+)))
You have tentacles for arms and can constrict up to eight enemies at once.


Message History

Your tentacle spike disappears.
You constrict the quokka, but do no damage.
The frilled lizard hisses angrily.
The quokka bites you.
You tentacle-slap the quokka.
The quokka is moderately wounded.
You constrict the quokka. The quokka bites you.
The quokka completely misses you.
You are too injured to fight recklessly!
You are too injured to fight recklessly!
You are too injured to fight recklessly!
You are too injured to fight recklessly!
You are too injured to fight recklessly!
You are too injured to fight recklessly!
You are too injured to fight recklessly!
You are too injured to fight recklessly!
You are too injured to fight recklessly!
You are too injured to fight recklessly!
You are too injured to fight recklessly!
You are too injured to fight recklessly!
Unknown command.
You barely miss the quokka.
The quokka is severely wounded.
You constrict the quokka.
You kill the quokka!
The quokka completely misses you.
Unknown command.
The quokka bites you.
* * * LOW HITPOINT WARNING * * *
The frilled lizard barely misses you. The quokka closely misses you.
You see here a quokka corpse.
Unknown command.
You tentacle-slap the quokka but do no damage.
You grab the quokka.
You constrict the quokka, but do no damage.
The quokka closely misses you.
You tentacle-slap the quokka.
You kill the quokka!
The frilled lizard bites you.
You die...

#############
##.....#.....##
##..........[..#
###...............
.................
#....>..l.......
##.......@.......
.........†...[...
##+#####.....>......
#≈..♣ #...........#
#≈...♣ #...P.P....##
#≈...P #...♣....###
#≈.(.. #..♣♣♣♣..#
#≈≈.P.♣#..P♣PP...#
#≈≈≈...#...P.P##..


You could see a frilled lizard.

Vanquished Creatures
  2 quokkas (D:1)
  A ball python (D:1)
  A bat (D:1)
4 creatures vanquished.

Notes
Turn   | Place    | Note
-------+----------+-------------------------------------------
     0 | D:1      | ytrimaz the Octopode Transmuter began the quest for the
                  | Orb.
     0 | D:1      | Reached XP level 1. HP: 13/13 MP: 3/3
    19 | D:1      | Slain by a frilled lizard

Illustrated notes

Levels and vault maps discovered:
D:1:      tarquinn_simple_flora_water_c, layout_rooms, serial_forest,
          infiniplex_forest_clump_small, infiniplex_forest_lined_2,
          infiniplex_forest_lined_2, infiniplex_forest_clump_long,
          infiniplex_forest_lined_room_2, minmay_misc_feat_encased,
          lemuel_flame_loot_1

Action                   || total
-------------------------++-------
Melee: Unarmed           ||     7
       Constrict         ||     2
 Cast: Beastly Appendage ||     1
Armor: Skin              ||     1
Dodge: Dodged            ||     5

Table legend: (Time is in decaauts)
 A = Elapsed time spent in this place.
 B = Non-inter-level travel time spent in this place.
 C = Inter-level travel time spent in this place.
 D = Time resting spent in this place.
 E = Time spent auto-exploring this place.
 F = Levels seen in this place.
 G = Mean time per level.
                   A        B        C        D        E       F      G
               +--------+--------+--------+--------+--------+-----+--------+
         Total |     18 |     18 |      0 |      0 |      2 |   1 |   18.0 |
       Dungeon |     18 |     18 |      0 |      0 |      2 |   1 |   18.0 |
               +--------+--------+--------+--------+--------+-----+--------+

Top non-repeatable levels by time:
     D:1: 18 daAuts
